 Dungeon Crawl Stone Soup version 0.28-a0-1518-gbe868bca14 (webtiles) character file.

Game seed: 4162346676261397911

9177 comborobin the Slicer (level 11, 0/97 HPs)
             Began as a Red Draconian Brigand on Jan 16, 2022.
             Was an Elder of Cheibriados.
             Succumbed to Erica's bolt of poison
             ... on level 9 of the Dungeon.
             The game lasted 00:13:42 (11802 turns).

comborobin the Slicer (Red Draconian Brigand)      Turns: 11802, Time: 00:13:43

Health: 0/97       AC:  9    Str: 24    XL:     11   Next: 19%
Magic:  12/15      EV: 18    Int: 27    God:    Cheibriados [****..]
Gold:   461        SH:  0    Dex: 23    Spells: 7/10 levels left

rFire   + + .      SeeInvis .   a - +7 dagger "Ecur Ruphea" {elec, rN+ Int+2}
rCold   . . .      Faith    .   (no shield)
rNeg    + . .      Spirit   .   (armour unavailable)
rPois   .          Reflect  .   (helmet restricted)
rElec   .          Harm     .   f - +0 cloak
rCorr   .          Rampage  .   n - +0 pair of gloves
Will    .....                   (no boots)
Stlth   +++.......              (no amulet)
HPRegen 0.26/turn               o - ring of protection from fire
MPRegen 0.14/turn               (no ring)

@: lethally poisoned (0 -> -3), very slow
A: breathe fire, AC +7, unfitting armour, fire resistance 1, cold-blooded
a: Breathe Fire, Renounce Religion, Bend Time, Temporal Distortion, Slouch


You were on level 9 of the Dungeon.
You worshipped Cheibriados.
Cheibriados was greatly pleased with you.
You visited 2 branches of the dungeon, and saw 10 of its levels.
You also visited: Sewer, Ossuary and Bailey.

You collected 461 gold pieces.

Inventory:

Hand Weapons
 a - the +7 dagger "Ecur Ruphea" (weapon) {elec, rN+ Int+2}
   (You took it off an orc wizard on level 6 of the Dungeon)

   It occasionally discharges a powerful burst of electricity upon striking a
   foe.
   Int:       It affects your intelligence (+2).
   rN:        It protects you from negative energy.
 b - a +0 arbalest
 g - a +2 rapier of electrocution
 h - a +3 glaive of protection
 x - a +3 dagger
 y - a +3 dagger of pain
 B - a +2 whip of venom
 H - a +0 bardiche
 K - the +8 rapier "Jaick" {drain, Fly rPois Stlth+}
   (You found it on level 7 of the Dungeon)

   A truly terrible weapon, it drains the life of any living foe it strikes.
   rPois:     It protects you from poison.
   Fly:       It grants you flight.
   Stlth:     It makes you more stealthy.
 N - a +1 glaive of protection
Missiles
 c - 36 poisoned darts
 d - a curare-tipped dart (quivered)
 L - 241 bolts
Armour
 f - a +0 cloak (worn)
 n - a +0 pair of gloves (worn)
 w - a +0 robe
Jewellery
 j - an amulet of reflection
 o - a ring of protection from fire (left hand)
 r - an amulet of faith
 t - a ring of protection from cold
 A - a ring of flight
 D - a ring of ice
Wands
 z - a wand of iceblast (2)
 C - a wand of acid (5)
 F - a wand of polymorph (7)
 J - a wand of paralysis (13)
Scrolls
 e - a scroll of fog
 i - 2 scrolls of teleportation
 m - 3 scrolls of immolation
 p - 8 scrolls of identify
 s - 3 scrolls of fear
 u - 3 scrolls of amnesia
 v - a scroll of magic mapping
 E - 3 scrolls of enchant weapon
Potions
 l - 2 potions of attraction
 q - a potion of might
 G - a potion of brilliance
 I - a potion of magic
Miscellaneous
 M - a condenser vane (inert)


   Skills:
 + Level 9.6 Fighting
 * Level 9.7 Short Blades
 - Level 1.7 Throwing
 + Level 7.8 Dodging
 - Level 3.6 Stealth
 - Level 5.0 Unarmed Combat
 * Level 3.2 Ice Magic
 + Level 6.0 Invocations


You had 7 spell levels left.
You knew the following spells:

 Your Spells              Type           Power      Damage    Failure   Level
o - Ozocubu's Armour      Ice            17%        N/A       10%         3

Your spell library contained the following spells:

 Spells                   Type           Power      Damage    Failure   Level
 Magic Dart               Conj           0%         1d3       12%         1
 Searing Ray              Conj           0%         2d4       19%         2
 Fulminant Prism          Conj/Hex       0%         3d6       75%         4
 Metabolic Englaciation   Hex/Ice        4%         N/A       86%         5
 Simulacrum               Ice/Necr       4%         N/A       100%        6


Dungeon Overview and Level Annotations

Branches:
Dungeon (9/15)             Temple (1/1) D:4           Sewer (visited)
Ossuary (visited)          Bailey (visited)
   Lair: D:8-11         Orc: D:9-12

Altars:
Ashenzari
Cheibriados
Dithmenos
Elyvilon
Fedhas
Gozag
Hepliaklqana
Kikubaaqudgha
Makhleb
Nemelex Xobeh
Okawaru
Qazlal
Ru
Sif Muna
Trog
Uskayaw
Vehumet
Wu Jian
Xom
Yredelemnul
Zin
The Shining One

Annotations:
D:9 Erica


Innate Abilities, Weirdness & Mutations

You can breathe blasts of fire.
Your fiery red scales are hard. (AC +7)
You cannot fit into any form of body armour.
Your flesh is heat resistant. (rF+)
You are cold-blooded and may be slowed by cold attacks.


Message History

Okay, then.
Unknown command.
Really put on
r - an amulet of faith?
Keep disrobing? [Y]es or [N]o only, please.
Keep disrobing? [Y]es or [N]o only, please.
Keep disrobing? [Y]es or [N]o only, please.
Keep disrobing?
* * * LOW HITPOINT WARNING * * *
You feel sick.
You start removing your amulet.
You continue taking off your amulet of reflection.
* * * LOW HITPOINT WARNING * * *
You feel sick.
You continue taking off your amulet of reflection.
You are no longer corroded.
* * * LOW HITPOINT WARNING * * *
You feel sick.
You continue taking off your amulet of reflection.
* * * LOW HITPOINT WARNING * * *
You feel sick.
You continue taking off your amulet of reflection.
* * * LOW HITPOINT WARNING * * *
You feel sick.
Cheibriados thoroughly appreciates the change of pace.
You feel a bit more experienced.
You finish taking off your amulet of reflection.
Unknown command.
Unknown command.
Unknown command.
Unknown command.
You start putting on your amulet.
You continue putting on your amulet of reflection.
Keep equipping yourself?
* * * LOW HITPOINT WARNING * * *
You feel sick.
You continue putting on your amulet of reflection.
You die...

...#. ..##
..............
..?.
..#..........
.... .
.........g.
.... ..
........# .##.
... #..<...# .#
....#......# .#
...........##
.#
.......@.#..##
.
....>##......##
.. ...
#.##..... .# .
##........ ..
#......... # .
#.............
#..
#.............
...
#.#......>....
... #.
#..†........


You could see a gnoll (wandering).

Vanquished Creatures
  A two-headed ogre (D:8)
  2 orc knights (Bailey)
  An elephant (D:9)
  The ghost of Clumpoid the Shield-Bearer, an amateur GnFi of Qazlal (D:4)
  A troll (D:7)
  3 wyverns
  5 yaks (D:8)
  2 basilisks (D:9)
  3 steam dragons (D:8)
  Duvessa (D:5)
  4 water moccasins
  9 orc warriors
  A sky beast (D:5)
  An ogre (D:4)
  4 centaurs
  A kobold brigand (D:9)
  A phantom (D:5)
  3 bullfrogs
  9 scorpions
  A wyvern zombie (D:8)
  Dowan (D:5)
  11 killer bees
  12 howler monkeys
  2 centaur zombies
  A jelly (D:6)
  9 hounds
  4 human zombies (Ossuary)
  An orc priest (D:6)
  5 scorpion zombies (Ossuary)
  Jessica (D:3)
  3 iguanas
  9 orc wizards
  A killer bee zombie (D:7)
  A hound zombie (D:5)
  3 mummies (Ossuary)
  11 adders
  10 gnolls (D:9)
  A white imp (D:4)
  2 worms
  A dart slug (D:3)
  38 orcs
  7 ball pythons
  7 endoplasms
  9 giant cockroaches
  10 goblins
  5 hobgoblins
  10 jackals
  7 quokkas
  3 bats (D:1)
  2 frilled lizards
  A gnoll zombie (Ossuary)
  A goblin zombie (Ossuary)
  2 hobgoblin zombies (Ossuary)
  17 kobolds
  A kobold zombie (Ossuary)
  4 orc zombies (Ossuary)
  5 rats
272 creatures vanquished.

Vanquished Creatures (others)
  An orc (D:7)
  6 fungi (D:7)
7 creatures vanquished.

Grand Total: 279 creatures vanquished

Notes
Turn   | Place    | Note
-------+----------+-------------------------------------------
     0 | D:1      | comborobin the Draconian Brigand began the quest for the
                  | Orb.
     0 | D:1      | Reached XP level 1. HP: 17/17 MP: 1/1
    25 | D:1      | Reached skill level 1 in Dodging
    44 | D:1      | Found a faded altar of an unknown god.
   117 | D:1      | You fall into a shaft and drop 1 floor!
   138 | D:2      | Reached XP level 2. HP: 24/25 MP: 2/2
   164 | D:2      | Reached skill level 1 in Unarmed Combat
   681 | D:1      | Reached XP level 3. HP: 30/30 MP: 3/3
  1871 | D:3      | Noticed Jessica
  1887 | D:3      | Reached XP level 4. HP: 38/38 MP: 4/4
  1889 | D:3      | Killed Jessica
  2332 | D:3      | Reached XP level 5. HP: 41/46 MP: 5/5
  2802 | D:4      | Found a runed translucent gate.
  2802 | D:4      | Noticed Clumpoid's ghost (amateur GnFi)
  2804 | D:4      | Found a runed translucent gate.
  2804 | D:4      | Found a runed translucent gate.
  2928 | D:4      | Found a sand-covered staircase.
  2933 | Ossuary  | Entered an ossuary
  2985 | Ossuary  | Reached XP level 6. HP: 33/53 MP: 6/6
  3413 | Ossuary  | Reached skill level 5 in Fighting
  3418 | Ossuary  | Your scales start taking on a fiery red colour.
  3418 | Ossuary  | Reached XP level 7. HP: 48/61 MP: 7/7
  3418 | Ossuary  | Gained mutation: Your flesh is heat resistant. (rF+) [Red
                  | Draconian growth]
  4031 | D:4      | Reached skill level 5 in Unarmed Combat
  4039 | D:4      | Reached XP level 8. HP: 65/70 MP: 8/8
  4551 | D:4      | Found a staircase to the Ecumenical Temple.
  4570 | Temple   | Entered the Ecumenical Temple
  4681 | Temple   | Became a worshipper of Cheibriados the Contemplative
  4836 | D:5      | Entered Level 5 of the Dungeon
  4889 | D:4      | Killed Clumpoid's ghost
  4890 | D:4      | Reached skill level 5 in Dodging
  5451 | D:5      | Noticed Dowan
  5458 | D:5      | Noticed Duvessa
  5471 | D:5      | Killed Duvessa
  5499 | D:5      | Killed Dowan
  6072 | D:5      | Reached skill level 5 in Short Blades
  6315 | D:6      | Reached * piety under Cheibriados
  6346 | D:6      | Found a glowing drain.
  6679 | Sewer    | Entered a sewer
  6766 | Sewer    | Reached skill level 1 in Invocations
  6766 | Sewer    | Reached XP level 9. HP: 77/79 MP: 9/9
  7379 | D:6      | Identified the +7 dagger "Ecur Ruphea" {elec, rN+ Int+2}
  7611 | D:6      | Reached ** piety under Cheibriados
  7855 | D:7      | Found a basalt altar of Yredelemnul.
  8236 | D:7      | Identified the +8 rapier "Jaick" {drain, Fly rPois Stlth+}
  8972 | D:8      | Noticed a troll
  9062 | D:7      | Killed a troll
  9447 | D:7      | Reached *** piety under Cheibriados
  9553 | D:8      | Reached XP level 10. HP: 86/90 MP: 13/13
  9554 | D:8      | Noticed a two-headed ogre
  9566 | D:8      | Killed a two-headed ogre
  9771 | D:8      | Reached skill level 5 in Invocations
 10368 | D:8      | Learned a level 3 spell: Ozocubu's Armour
 10495 | D:9      | Reached **** piety under Cheibriados
 10517 | D:9      | Reached skill level 1 in Ice Magic
 10554 | D:9      | Found a flagged portal.
 10564 | Bailey   | Entered a bailey
 11242 | Bailey   | Noticed an orc knight
 11272 | Bailey   | Noticed an orc knight
 11286 | Bailey   | Killed an orc knight
 11304 | Bailey   | Killed an orc knight
 11305 | Bailey   | Reached XP level 11. HP: 34/97 MP: 11/15
 11722 | D:9      | Reached ***** piety under Cheibriados
 11781 | D:9      | Noticed Erica
 11798 | D:9      | HP: 3/97 [poisoned by Erica (bolt of poison)]
 11800 | D:9      | HP: 1/97 [poisoned by Erica (bolt of poison)]
 11802 | D:9      | Succumbed to Erica's bolt of poison

Illustrated notes

Levels and vault maps discovered:
D:1:      lemuel_arrival_broad_hall, layout_loops_ring, basic_ecumenical_altar,
          minmay_tetromino_i4
D:2:      layout_basic
D:3:      layout_loops_ring, uniq_jessica
D:4:      layout_cave_pods, minmay_temple_entry_glassed_door,
          ebering_ghost_rock_garden, lightli_ossuary_entry_decrepit_ruins
D:5:      layout_basic, uniq_duvessa
D:6:      layout_basic, portal_sewer_entry_f,
          minmay_a_box_with_orc_wizards_in_it
D:7:      layout_basic, mainiacjoe_overflow_chevrons, dk_noncrumbling_4
D:8:      layout_cave_pools, minivault_23, kennysheep_opposing_triangles
D:9:      layout_cave_pools, david_lair_generic, david_orc_4, serial_gnoll_camp,
          gnoll_camp_mini_hut, gnoll_camp_mini_shop, gnoll_camp_mini_basic,
          gnoll_camp_mini_loothouse, gnoll_camp_mini_doghouse, enter_bailey_5,
          uniq_erica
Temple:   kilobyte_greek_temple

Skill      XL: |  1  2  3  4  5  6  7  8  9 10 11 |
---------------+----------------------------------+-----
Dodging        | 1 2 3 4 5 6 7 |  7.8
Unarmed Combat | 1 2 3 4 5 |  5.0
Fighting       | 3 4 5 6 7 8 9 |  9.6
Short Blades   | 5 7 9 |  9.7
Invocations    | 1 4 5 6 |  6.0
Ice Magic      | 2 3 |  3.2
Throwing       | |  1.7
Stealth        | |  3.6

Action                   |  1- 3 |  4- 6 |  7- 9 | 10-12 || total
-------------------------+-------+-------+-------+-------++-------
Melee: Dagger            |   155 |   197 |   142 |   205 ||   699
       Tailslap          |    12 |    42 |    63 |    23 ||   140
       Punch             |     1 |     9 |    18 |     6 ||    34
       Whip              |       |     5 |    18 |       ||    23
       Rapier            |       |       |   237 |    16 ||   253
 Fire: Arbalest          |       |       |       |     1 ||     1
Throw: Dart              |     1 |     5 |     5 |     3 ||    14
 Cast: Ozocubu's Armour  |       |       |       |     5 ||     5
Invok: Slouch            |       |       |       |     1 ||     1
 Abil: Breathe Fire      |       |       |     6 |     1 ||     7
Evoke: Wand              |       |       |       |     3 ||     3
       Condenser vane    |       |       |       |     1 ||     1
  Use: Scroll            |       |     8 |     6 |     3 ||    17
       Potion            |       |       |    12 |     6 ||    18
 Stab: Sleeping          |    12 |     8 |     7 |     3 ||    30
       Distracted        |     1 |       |     1 |       ||     2
       Confused          |       |       |       |     3 ||     3
Armor: Skin              |    46 |    67 |   121 |    56 ||   290
Dodge: Dodged            |    92 |   101 |   309 |   154 ||   656
Block: Other             |     8 |    49 |    95 |    45 ||   197
       Reflection        |       |       |     1 |     6 ||     7

Table legend: (Time is in decaauts)
 A = Elapsed time spent in this place.
 B = Non-inter-level travel time spent in this place.
 C = Inter-level travel time spent in this place.
 D = Time resting spent in this place.
 E = Time spent auto-exploring this place.
 F = Levels seen in this place.
 G = Mean time per level.
                   A        B        C        D        E       F      G
               +--------+--------+--------+--------+--------+-----+--------+
         Total |  13335 |  12834 |    501 |   2232 |   8155 |  13 | 1025.8 |
       Dungeon |  10726 |  10283 |    443 |   1588 |   6919 |   9 | 1191.8 |
        Temple |    165 |    108 |     57 |      0 |     99 |   1 |  165.0 |
         Sewer |    176 |    176 |      0 |      0 |    101 |   1 |  176.0 |
       Ossuary |   1013 |   1013 |      0 |    151 |    526 |   1 | 1013.0 |
        Bailey |   1255 |   1255 |      0 |    492 |    509 |   1 | 1255.0 |
               +--------+--------+--------+--------+--------+-----+--------+

Top non-repeatable levels by time:
     D:7: 2043 daAuts
     D:5: 1702 daAuts
     D:4: 1399 daAuts
     D:6: 1378 daAuts
     D:8: 1261 daAuts
  Bailey: 1255 daAuts
     D:1: 1092 daAuts
 Ossuary: 1013 daAuts
     D:2: 751 daAuts
     D:3: 712 daAuts
     D:9: 384 daAuts
   Sewer: 176 daAuts
  Temple: 165 daAuts
